 Dungeon Crawl Stone Soup version 0.30.1-11-g7821555f0a (webtiles) character file.

Game seed: 17197102548541857490

114 lonewolfV2 the Covered (level 4, 0/39 HPs)
             Began as a Minotaur Fighter on Nov 1, 2023.
             Slain by an iguana (7 damage)
             ... on level 5 of the Dungeon.
             The game lasted 00:03:18 (2037 turns).

lonewolfV2 the Covered (Minotaur Fighter)           Turns: 2037, Time: 00:03:19

Health: 0/39       AC: 14    Str: 21    XL:     4   Next: 67%
Magic:  0/3        EV:  7    Int:  5    God:
Gold:   88         SH:  5    Dex: 11    Spells: 3/3 levels left

rFire   . . .        a - +0 war axe
rCold   . . .        c - +1 buckler
rNeg    . . .        q - +0 plate armour
rPois   .            (helmet restricted)
rElec   .            s - +0 cloak
rCorr   .            (no gloves)
SInv    .            g - +0 pair of boots
Will    .....        p - amulet of guardian spirit Stlth
                     k - ring of flight
HPRegen 0.26/turn    l - ring of wizardry
MPRegen 0.08/turn

%: guardian spirit, wizardry (x1)
@: flying, hasted, very quick
A: horns 2, retaliatory headbutt
a: no special abilities


You were on level 5 of the Dungeon.
You visited 1 branch of the dungeon, and saw 4 of its levels.

You collected 88 gold pieces.

Inventory:

Hand Weapons
 a - a +0 war axe (weapon)
Armour
 c - a +1 buckler (worn)
 g - a +0 pair of boots (worn)
 q - a +0 plate armour (worn)
 s - a +0 cloak (worn)
Jewellery
 e - an amulet of faith
 j - an amulet of magic regeneration
 k - a ring of flight (left hand)
 l - a ring of wizardry (right hand)
 n - a ring of ice
 p - an amulet of guardian spirit (around neck)
Scrolls
 h - 2 scrolls of identify
 m - 2 scrolls of amnesia
Potions
 d - a potion of might
 f - a potion of mutation
 i - a potion of haste
 o - a potion of invisibility
 r - a potion of degeneration {unknown}


   Skills:
 - Level 3.6 Fighting
 - Level 2.4 Axes
 + Level 4.8 Armour
 * Level 3.9 Dodging
 - Level 3.6 Shields


You had 3 spell levels left.
You didn't know any spells.
Your spell library contained the following spells:

 Spells                   Type           Power      Damage    Failure   Level
 Beastly Appendage        Tmut           0%         N/A       99%         1
 Magic Dart               Conj           0%         1d3       99%         1
 Call Imp                 Summ           0%         N/A       100%        2
 Searing Ray              Conj           0%         2d4       100%        2
 Sublimation of Blood     Necr           0%         N/A       100%        2
 Wereblood                Tmut           0%         N/A       100%        2
 Mephitic Cloud           Conj/Pois/Air  0%         N/A       100%        3
 Spider Form              Tmut/Pois      0%         N/A       100%        3
 Fulminant Prism          Conj/Hex       0%         3d5       100%        4
 Petrify                  Tmut/Erth      0%         N/A       100%        4
 Irradiate                Conj/Tmut      0%         3d11      100%        5


Dungeon Overview and Level Annotations

Branches:
Dungeon (3/15)

Altars:


Innate Abilities, Weirdness & Mutations

You have a pair of horns on your head.
You reflexively headbutt those who attack you in melee.


Message History

The iguana bites you.
You hit the iguana but do no damage.
The iguana is heavily wounded.
You block the iguana's attack.
You closely miss the iguana.
The iguana is heavily wounded.
The iguana bites you but does no damage.
The iguana bites you!
You barely miss the iguana.
The iguana is heavily wounded.
The iguana bites you.
You closely miss the iguana.
The iguana is heavily wounded.
The iguana bites you but does no damage.
You barely miss the iguana.
The iguana is heavily wounded.
You block the iguana's attack.
The iguana bites you but does no damage.
You completely miss the iguana.
The iguana is heavily wounded.
You block the iguana's attack.
You completely miss the iguana.
The iguana is heavily wounded.
The iguana bites you but does no damage. x2
You hit the iguana. Your headbutt misses the iguana.
The iguana is heavily wounded.
The iguana bites you!
* * * LOW HITPOINT WARNING * * *
You feel yourself speed up. The iguana bites you.
* * * LOW HITPOINT WARNING * * *
You barely miss the iguana.
The iguana is heavily wounded.
The iguana completely misses you.
You barely miss the iguana.
The iguana is heavily wounded.
The iguana bites you but does no damage.
You hit the iguana but do no damage. Your headbutt misses the iguana.
The iguana is heavily wounded.
The iguana bites you!
You die...

..........#..
.?..........
.$.........
..........# #
..........###.#
..............#
...........####
........l.....#
........@#?#....
#######.## # .
####.## #....[#
#.##....#
#.###....... #..
.......#
#######......
.##.##


You could see an iguana.

Vanquished Creatures
  2 orc wizards (D:3)
  An adder (D:5)
  A worm (D:2)
  3 dart slugs
  5 orcs (D:3)
  2 ball pythons (D:2)
  A bat (D:3)
  7 endoplasms
  2 giant cockroaches
  2 goblins (D:1)
  A hobgoblin (D:3)
  2 quokkas (D:1)
  6 frilled lizards
  4 kobolds
  3 rats
42 creatures vanquished.

Notes
Turn   | Place    | Note
-------+----------+-------------------------------------------
     0 | D:1      | lonewolfV2 the Minotaur Fighter began the quest for the
                  | Orb.
     0 | D:1      | Reached XP level 1. HP: 19/19 MP: 0/0
   199 | D:1      | Reached skill level 1 in Dodging
   320 | D:1      | Reached XP level 2. HP: 26/26 MP: 1/1
   737 | D:1      | Reached skill level 4 in Armour
  1018 | D:1      | Found a faded altar of an unknown god.
  1032 | D:1      | Found a faded altar of an unknown god.
  1477 | D:3      | Reached XP level 3. HP: 31/31 MP: 2/2
  1617 | D:3      | Reached XP level 4. HP: 36/39 MP: 3/3
  1997 | D:3      | You are sucked into a shaft and drop 2 floors!
  1997 | D:5      | Entered Level 5 of the Dungeon
  2037 | D:5      | Slain by an iguana

Illustrated notes

Levels and vault maps discovered:
D:1:      dpeg_arrival_water_temple_mockup, layout_basic,
          hellmonk_ecumenical_altar_the_god_not_taken
D:2:      layout_basic
D:3:      layout_basic
D:5:      layout_basic

Skill      XL: |  1  2  3 |
---------------+----------+-----
Dodging        | 1 2 3 |  3.9
Armour         | 4 |  4.8
Fighting       | |  3.6
Axes           | |  2.4
Shields        | |  3.6

Action                     |  1- 3 |  4- 6 || total
---------------------------+-------+-------++-------
  Melee: War axe           |    60 |    47 ||   107
         Headbutt          |    12 |     3 ||    15
    Use: Scroll            |     6 |       ||     6
         Potion            |       |     1 ||     1
 Armour: Scale mail        |    23 |       ||    23
         Plate armour      |       |    27 ||    27
  Dodge: Dodged            |    33 |    19 ||    52
  Block: Buckler           |    10 |    17 ||    27
